 Dungeon Crawl Stone Soup version 0.30.1-11-g7821555f0a (webtiles) character file.

Game seed: 17082843646116115703

47 Okkudo the Chopper (level 3, -3/33 HPs)
             Began as a Hill Orc Monk on Nov 28, 2023.
             Slain by a goblin
             ... wielding a +0 club
             ... led by Robin
              (6 damage)
             ... on level 2 of the Dungeon on Nov 29, 2023.
             The game lasted 00:04:51 (1401 turns).

Okkudo the Chopper (Hill Orc Monk)                  Turns: 1401, Time: 00:04:52

Health: -3/33      AC:  2    Str: 15    XL:     3   Next: 70%
Magic:  3/3        EV: 12    Int: 10    God:
Gold:   61         SH:  0    Dex: 13    Spells: 2/2 levels left

rFire   . . .        a - +0 hand axe
rCold   . . .        d - orb {light}
rNeg    . . .        b - +0 robe
rPois   .            (no helmet)
rElec   .            (no cloak)
rCorr   .            (no gloves)
SInv    .            (no boots)
Will    .....        (no amulet)
Stlth   +            (no ring)
HPRegen 0.25/turn    (no ring)
MPRegen 0.08/turn

%: no passive effects
@: glowing
A: no striking features
a: no special abilities


You were on level 2 of the Dungeon.
You visited 1 branch of the dungeon, and saw 2 of its levels.

You collected 61 gold pieces.

Inventory:

Hand Weapons
 a - a +0 hand axe (weapon)
 f - a +2 dagger of draining
Missiles
 j - 5 poisoned darts (quivered)
Armour
 b - a +0 robe (worn)
 d - an orb of light (worn)
Scrolls
 e - a scroll of magic mapping {unknown}
 i - 2 scrolls of fear {unknown}
Potions
 c - a potion of ambrosia
 g - a potion of lignification {unknown}
 h - a potion of berserk rage {unknown}
 k - a potion of magic {unknown}


   Skills:
 - Level 3.7 Fighting
 * Level 5.8 Axes
 - Level 2.5 Dodging


You had 2 spell levels left.
You didn't know any spells.
Your spell library was empty.

Dungeon Overview and Level Annotations

Branches:
Dungeon (2/15)

Altars:

Shops:
D:1 :(?[(

Annotations:
D:2 Robin


Message History

You climb downwards.
Level annotation: Robin
There is a stone staircase leading up here.
You barely miss the goblin.
The goblin unwields a +0 sling.
The goblin wields a +0 dagger.
The goblin hits you with a +0 dagger.
You hit the goblin but do no damage. You hit the goblin.
The goblin hits you with a +0 dagger. x2
The goblin hits you but does no damage.
Robin roars a battlecry!
The goblins go into a battle-frenzy!
You hit the goblin.
You kill the goblin!
You hit the goblin. The goblin hits you with a +0 dagger.
Robin roars a battlecry!
You slash the goblin!
You kill the goblin!
Robin says, "My goblins will feast on your bones."
Robin barely misses you.
You see here a +0 dagger.
You hit Robin but do no damage. Robin hits you with a +0 trident!
You hit Robin but do no damage. Robin throws the goblin at you!
You hit Robin.
Robin is heavily wounded.
You hit the goblin. The goblin misses you. Robin throws the goblin at you!
You hit Robin but do no damage.
Robin is heavily wounded.
You hit the goblin. You closely miss the goblin.
The goblin hits you with a +0 club.
* * * LOW HITPOINT WARNING * * *
The goblin closely misses you.
You hit Robin but do no damage.
Robin is heavily wounded.
You barely miss the goblin. You hit the goblin but do no damage.
The goblin barely misses you. The goblin hits you with a +0 club.
* * * LOW HITPOINT WARNING * * *
You hit the goblin.
The goblin is almost dead.
You barely miss the goblin. You hit Robin but do no damage.
The goblin hits you with a +0 club.
You die...

#.....g.#.....
#........# #
#........#
#........#
#......g##
#........#
##########+##)#
#..gg#
#.##)###.#
####@#
#(.g...(.#
#g#####.########
#g...g..#
#########


You could see Robin and 3 goblins.

Vanquished Creatures
  An adder (D:2)
  A bat (D:1)
  4 endoplasms
  4 giant cockroaches (D:1)
  7 goblins
  2 hobgoblins (D:1)
  2 kobolds
  2 quokkas
  10 frilled lizards (D:1)
  3 rats
36 creatures vanquished.

Notes
Turn   | Place    | Note
-------+----------+-------------------------------------------
     0 | D:1      | Okkudo the Hill Orc Monk began the quest for the Orb.
     0 | D:1      | Reached XP level 1. HP: 19/19 MP: 1/1
     7 | D:1      | Found Wouk's Antique Weapon Shop.
   132 | D:1      | Reached XP level 2. HP: 18/25 MP: 2/2
   469 | D:1      | Found Atorgh's Magic Scroll Shop.
   484 | D:1      | Found Viucs's Weapon Shop.
   543 | D:1      | Reached skill level 5 in Axes
   559 | D:1      | Found Nuxadic's Book Boutique.
   608 | D:1      | Found Buoggi's Antique Armour Boutique.
   646 | D:1      | Reached XP level 3. HP: 32/33 MP: 3/3
  1261 | D:2      | Noticed Robin
  1401 | D:2      | Slain by a goblin

Illustrated notes

Levels and vault maps discovered:
D:1:      noname_arrival_rooms_in_the_neighbourhood, layout_loops_corners,
          serial_shops, nicolae_shop_window_shopping, shop,
          nicolae_shop_hallway_stairs, shop, shop, minmay_misc_feat_tower,
          minmay_lizard_pond
D:2:      layout_basic, uniq_robin

Skill      XL: |  1  2 |
---------------+-------+-----
Axes           | 5 |  5.8
Fighting       | |  3.7
Dodging        | |  2.5

Action                     || total
---------------------------++-------
  Melee: Hand axe          ||   102
  Throw: Dart              ||     1
 Armour: Robe              ||    17
  Dodge: Dodged            ||    62
